 Dungeon Crawl Stone Soup version 0.25.1-2-g60ff931df9 (webtiles) character file.

Game seed: 11507336464702707550

19046 Erymatos the Severer (level 12, 0/106 HPs)
             Began as a Minotaur Berserker on Nov 10, 2020.
             Was a High Priest of Trog.
             Killed by vampiric draining
             ... invoked by a vampire
              (1 damage)
             ... on level 13 of the Dungeon.
             The game lasted 00:23:43 (12101 turns).

Erymatos the Severer (Minotaur Berserker)          Turns: 12101, Time: 00:23:43

Health: 0/106      AC: 13    Str: 24    XL:     12   Next: 33%
Magic:  11/11      EV: 12    Int:  4    God:    Trog [*****.]
Gold:   607        SH: 12    Dex: 13    Spells: 11/11 levels left

rFire    x . .     SeeInvis +   B - +1 broad axe (drain)
rCold    + . .     Gourm    .   C - +0 kite shield
rNeg     . . .     Faith    .   m - +0 ring mail
rPois    +         Spirit   .   (helmet restricted)
rElec    .         Reflect  .   P - +0 cloak {rPois}
rCorr    .         Harm     .   p - +2 pair of gloves
MR       +....                  b - +0 pair of boots
Stlth    +.........             (no amulet)
HPRegen  0.27/turn              f - ring of see invisible
MPRegen  0.12/turn              F - ring "Waddycou" {Ice +Fly MR+ Slay+3}

@: lethally poisoned (0 -> -3), berserk cooldown, slowed, very slow
A: retaliatory headbutt, horns 2
a: Berserk, Trog's Hand, Brothers in Arms, Renounce Religion, Evoke Flight


You were on level 13 of the Dungeon.
You worshipped Trog.
Trog was extremely pleased with you.
You were very hungry.

You visited 1 branch of the dungeon, and saw 13 of its levels.

You collected 607 gold pieces.

Inventory:

Hand Weapons
 r - the +5 dagger "Onoumym" {vamp, +Blink +Rage rC++ Int-2}
   (You found it on level 7 of the Dungeon)

   It inflicts no extra harm, but heals its wielder when it wounds a living foe.
   It affects your intelligence (-2).
   It greatly protects you from cold.
   It lets you blink.
   It lets you go berserk.
 B - a +1 broad axe of draining (weapon)
Armour
 b - a +0 pair of boots (worn)
 m - a +0 ring mail (worn)
 p - a +2 pair of gloves (worn)
 C - a +0 kite shield (worn)
 D - a +0 tower shield
 P - a +0 cloak of poison resistance (worn)
Jewellery
 f - a ring of see invisible (left hand)
 o - an uncursed ring of ice
 F - the ring "Waddycou" (right hand) {Ice +Fly MR+ Slay+3}
   (You found it on level 8 of the Dungeon)

   [ring of ice]

   It enhances your ice magic.
   It affects your accuracy and damage with ranged weapons and melee attacks
   (+3).
   It makes you vulnerable to fire.
   It protects you from cold.
   It affects your resistance to hostile enchantments.
   It lets you fly.
 M - an uncursed ring of resist corrosion {unknown}
Wands
 a - a wand of polymorph (7)
 n - a wand of acid (9)
 E - a wand of paralysis (8)
 J - a wand of random effects (25)
 L - a wand of flame (18)
Scrolls
 g - 3 scrolls of enchant armour {unknown}
 h - 8 scrolls of teleportation {unknown}
 j - 10 scrolls of identify {unknown}
 k - 4 scrolls of amnesia {unknown}
 l - 6 scrolls of remove curse {unknown}
 t - 3 scrolls of fog {unknown}
 v - 4 scrolls of noise {unknown}
 x - a scroll of holy word {unknown}
 y - a scroll of magic mapping {unknown}
 I - 2 scrolls of immolation {unknown}
Potions
 d - 4 potions of stabbing {unknown}
 e - 5 potions of curing {unknown}
 i - 2 potions of brilliance {unknown}
 q - 4 potions of lignification {unknown}
 s - 2 potions of heal wounds {unknown}
 u - a potion of mutation {unknown}
 z - 2 potions of haste {unknown}
 A - 2 potions of might {unknown}
 G - a potion of resistance {unknown}
 H - a potion of degeneration {unknown}
 K - a potion of flight {unknown}
 N - a potion of cancellation {unknown}
 O - 2 potions of invisibility {unknown}
Comestibles
 c - 19 rations


   Skills:
 + Level 9.7 Fighting
 + Level 17.5 Axes
 + Level 8.5 Armour
 + Level 4.3 Dodging
 * Level 9.8 Shields


You had 11 spell levels left.
You didn't know any spells.
Your spell library was empty.

Dungeon Overview and Level Annotations

Branches:
Dungeon (13/15)            Temple (0/1) D:4            Lair (0/6) D:9
    Orc (0/2) D:11
 Vaults: D:13-14

Altars:
Dithmenos
Fedhas
Gozag
Qazlal
Trog
The Shining One


Innate Abilities, Weirdness & Mutations

You reflexively headbutt those who attack you in melee.
You have a pair of horns on your head.


Message History

You block the vampire's attack.
The vampire bites you but does no damage.
All of the chunks of flesh in your inventory have rotted away.
You slice the deep elf annihilator!! You drain the deep elf annihilator.
The deep elf annihilator is heavily wounded.
You barely miss the vampire.
You feel sick.
The deep elf annihilator hits you with a +0 long sword.
* * * LOW HITPOINT WARNING * * *
The vampire hits you but does no damage.
You block the vampire's attack.
You slash the deep elf annihilator!
Your headbutt misses the deep elf annihilator.
The deep elf annihilator is heavily wounded.
You slice the vampire!!
You feel sick.
The vampire hits you but does no damage.
The vampire misses you.
The deep elf annihilator hits you with a +0 long sword!
* * * LOW HITPOINT WARNING * * *
The vampire is infused with unholy energy.
You die...

#.##### # #.....# #. #.....#
##'# #....[# ##...## #.....#
##.....## #.>...#
##.......## ##.#.###
.#........V####....########.
.'........e@................
#.........####....#######..
#.......## ##.#.# ..
####...## ###.# #. #..## #.#
. #'## ..# . #.# .## #.# .
#(########


You could see a deep elf annihilator (drained) and a vampire (invisible).

Vanquished Creatures
  Snorg (D:10)
  Fannar (D:11)
  A hydra (D:11)
  A two-headed ogre (D:9)
  A tengu warrior (D:13)
  Urug (D:11)
  Nergalle (D:11)
  An unseen horror (D:12)
  3 ugly things
  Maurice (D:12)
  A gargoyle (D:11)
  Maggie (D:7)
  2 trolls
  3 meliai (D:12)
  5 slime creatures
  3 hippogriffs
  12 yaks
  Sigmund (D:3)
  A wraith (D:11)
  A hungry ghost (D:10)
  2 acid dragons
  2 porcupines (D:9)
  2 phantoms
  3 sky beasts
  2 ice beasts
  2 black bears
  3 orc warriors
  10 centaurs
  4 ogres
  A big kobold (D:7)
  3 crocodiles
  5 bullfrogs
  A wyvern zombie (D:7)
  5 scorpions
  5 killer bees (D:12)
  13 wights
  A howler monkey (D:7)
  2 crimson imps
  A bullfrog zombie (D:6)
  3 centaur zombies
  7 hounds
  3 jellies
  An orc priest (D:8)
  7 orc wizards
  2 bullfrog skeletons
  5 centaur skeletons
  8 iguanas
  9 worker ants
  Ijyb (D:3)
  2 worker ant zombies
  21 adders
  2 shadow imps
  2 oozes (D:6)
  An adder skeleton (D:9)
  An adder zombie (D:9)
  6 worms
  4 leopard geckos
  27 orcs
  12 bats
  6 giant cockroaches
  13 goblins
  5 hobgoblins
  12 jackals
  24 kobolds
  9 quokkas
  2 frilled lizards
  A leopard gecko skeleton (D:4)
  2 quokka skeletons
  7 rats
  2 plants (D:7)
316 creatures vanquished.

Vanquished Creatures (others)
  A frilled lizard (D:3)
  A fungus (D:9)
2 creatures vanquished.

Grand Total: 318 creatures vanquished

Notes
Turn   | Place    | Note
-------+----------+-------------------------------------------
     0 | D:1      | Erymatos the Minotaur Berserker began the quest for the
                  | Orb.
     0 | D:1      | Reached XP level 1. HP: 19/19 MP: 0/0
   165 | D:1      | Reached XP level 2. HP: 22/27 MP: 1/1
   279 | D:1      | Reached skill level 4 in Axes
  1050 | D:2      | Reached XP level 3. HP: 19/33 MP: 2/2
  1280 | D:2      | Reached ** piety under Trog
  1612 | D:2      | Reached skill level 5 in Axes
  1612 | D:2      | Reached XP level 4. HP: 41/41 MP: 3/3
  2229 | D:3      | Noticed Sigmund
  2232 | D:3      | Killed Sigmund
  2232 | D:3      | Reached skill level 5 in Fighting
  2232 | D:3      | Reached skill level 6 in Axes
  2232 | D:3      | Reached XP level 5. HP: 48/48 MP: 4/4
  2248 | D:3      | Reached XP level 6. HP: 56/56 MP: 5/5
  2273 | D:3      | Noticed Ijyb
  2285 | D:3      | Killed Ijyb
  2706 | D:3      | Found an opulent altar of Gozag.
  2954 | D:3      | Reached *** piety under Trog
  3482 | D:4      | Reached skill level 7 in Axes
  3671 | D:4      | Reached XP level 7. HP: 56/61 MP: 6/6
  3869 | D:4      | Reached skill level 1 in Shields
  3922 | D:4      | Found a staircase to the Ecumenical Temple.
  4331 | D:5      | Entered Level 5 of the Dungeon
  4336 | D:5      | Reached skill level 8 in Axes
  4472 | D:5      | Reached skill level 5 in Armour
  4693 | D:5      | You fall into a shaft and drop 1 floor!
  4719 | D:6      | Reached XP level 8. HP: 60/69 MP: 7/7
  4873 | D:5      | Reached skill level 9 in Axes
  5560 | D:6      | Reached **** piety under Trog
  5736 | D:7      | Reached skill level 10 in Axes
  5805 | D:7      | Reached XP level 9. HP: 75/75 MP: 8/8
  5987 | D:7      | Reached skill level 11 in Axes
  6241 | D:7      | Noticed Maggie
  6259 | D:7      | Killed Maggie
  6352 | D:7      | Reached skill level 12 in Axes
  6424 | D:7      | Reached skill level 5 in Shields
  6452 | D:7      | Got a masterwork dagger
  6453 | D:7      | Identified the +5 dagger "Onoumym" {vamp, +Blink +Rage rC++
                  | Int-2} (You found it on level 7 of the Dungeon)
  6957 | D:8      | Found a blossoming altar of Fedhas.
  6959 | D:8      | Got a bound iron ring
  7005 | D:8      | Reached ***** piety under Trog
  7116 | D:8      | You fall into a shaft and drop 1 floor!
  7116 | D:9      | Noticed a two-headed ogre
  7121 | D:9      | Killed a two-headed ogre
  7121 | D:9      | Reached skill level 13 in Axes
  7121 | D:9      | Reached XP level 10. HP: 71/86 MP: 9/9
  7250 | D:9      | Found a stormy altar of Qazlal.
  7310 | D:9      | Found a bloodstained altar of Trog.
  7398 | D:9      | Found a shadowy altar of Dithmenos.
  7514 | D:9      | Found a glowing golden altar of the Shining One.
  7588 | D:9      | Found a staircase to the Lair.
  7783 | D:10     | Entered Level 10 of the Dungeon
  8313 | D:10     | Noticed Snorg
  8323 | D:10     | Killed Snorg
  8323 | D:10     | Reached skill level 14 in Axes
  8475 | D:11     | Noticed a purple ugly thing
  8489 | D:11     | Killed a purple ugly thing
  8604 | D:11     | Noticed Urug
  8610 | D:11     | Reached skill level 15 in Axes
  8610 | D:11     | Reached XP level 11. HP: 85/94 MP: 10/10
  8627 | D:11     | Killed Urug
  8858 | D:11     | Noticed Fannar
  8876 | D:11     | Killed Fannar
  9114 | D:11     | Found a staircase to the Orcish Mines.
  9397 | D:11     | Noticed Nergalle
  9407 | D:11     | Noticed a spectral orc warlord
  9408 | D:11     | Killed Nergalle
  9570 | D:11     | Noticed an eight-headed hydra
  9574 | D:11     | Killed an 11-headed hydra
  9579 | D:11     | Reached skill level 16 in Axes
  9584 | D:11     | Identified the ring "Waddycou" {Ice +Fly MR+ Slay+3} (You
                  | found it on level 8 of the Dungeon)
  9909 | D:12     | Noticed an unseen horror
  9923 | D:12     | Killed an unseen horror
 10496 | D:12     | Noticed a white ugly thing
 10508 | D:12     | Killed a white ugly thing
 11074 | D:12     | Noticed Maurice
 11082 | D:12     | Killed Maurice
 11082 | D:12     | Reached skill level 17 in Axes
 11082 | D:12     | Reached XP level 12. HP: 104/104 MP: 11/11
 11639 | D:13     | Noticed a tengu warrior
 11643 | D:13     | Killed a tengu warrior
 12067 | D:13     | Noticed a deep elf annihilator
 12101 | D:13     | HP: 1/106 [deep elf annihilator/+0 long sword (10)]
 12101 | D:13     | Killed from afar by a vampire

Illustrated notes

Levels and vault maps discovered:
D:1:      minmay_arrival_hallway, layout_basic, serial_glass, glass_columns_b,
          glass_columns_a, glass_columns_a, hex_medium, hex_large
D:2:      layout_basic, minmay_indecisive_spiral
D:3:      layout_loops_corners, nicolae_gozag_cash_rules_everything_around_me,
          serial_forest, infiniplex_forest_side_room,
          infiniplex_forest_clump_small, infiniplex_forest_lined_ring,
          infiniplex_forest_end_1, infiniplex_forest_clump_curved,
          infiniplex_forest_zigzag_2, infiniplex_forest_clump_small,
          first_ration, uniq_ijyb, uniq_sigmund
D:4:      layout_gridville, minmay_temple_entry_hall, kennysheep_generic_room_9
D:5:      layout_cave_pools, cheibrodos_sewer_entry_bend
D:6:      layout_cave_pools, enter_ossuary_5
D:7:      kennysheep_kobold_camp, layout_basic, uniq_maggie
D:8:      layout_loops_ring, lemuel_crystal_altar, the_bakery
D:9:      layout_roguey, lemuel_round_altar, grunt_qazlal_sundering,
          nicolae_dithmenos_the_darkroom, tso_oasis_becter,
          grunt_lair_entry_orc_guard_hut, nrook_mini_backslash
D:10:     layout_loops_cross, kennysheep_generic_room_16, uniq_snorg
D:11:     layout_rooms, david_orc_2, uniq_urug, uniq_nergalle, uniq_fannar
D:12:     layout_gridville, uniq_maurice
D:13:     cheibrodos_wizards_tower, layout_loops_corners, enter_trove_5,
          kennysheep_generic_room_15

Skill      XL: |  1  2  3  4  5  6  7  8  9 10 11 |
---------------+----------------------------------+-----
Fighting       | 4 5 6 7 8 9 |  9.7
Axes           | 4 5 6 7 8 10 13 15 17 | 17.5
Dodging        | 3 4 |  4.3
Armour         | 3 5 6 7 8 |  8.5
Shields        | 2 4 5 7 9 |  9.8

Action                   |  1- 3 |  4- 6 |  7- 9 | 10-12 || total
-------------------------+-------+-------+-------+-------++-------
Melee: Hand axe          |    94 |   101 |   268 |       ||   463
       Headbutt          |    13 |    20 |    76 |    68 ||   177
       Broad axe         |       |       |    62 |   341 ||   403
Invok: Berserk           |     1 |     2 |     5 |     7 ||    15
  Eat: Chunk             |     3 |     9 |    15 |    24 ||    51
Armor: Animal skin       |    16 |       |       |       ||    16
       Ring mail         |     4 |    33 |    98 |   104 ||   239
Dodge: Dodged            |    71 |    56 |   129 |   103 ||   359
Block: Buckler           |       |     2 |    34 |       ||    36
       Kite shield       |       |       |    36 |   179 ||   215
